 Dungeon Crawl Stone Soup version 0.31-a0-472-g43a2ca8e1b (webtiles) character file.

Game seed: 9440784790907402851

564 Ethylacetat the Changeling (level 7, -4/47 HPs)
             Began as an Octopode Shapeshifter on Aug 6, 2023.
             Slain by a lemure (9 damage)
             ... led by Pikel
             ... on level 5 of the Dungeon.
             The game lasted 00:06:12 (2897 turns).

Ethylacetat the Changeling (Octopode Shapeshifter)  Turns: 2897, Time: 00:06:13

Health: -4/47      AC:  1    Str: 14    XL:     7   Next: 32%
Magic:  7/7        EV: 13    Int: 10    God:
Gold:   241        SH:  0    Dex: 15    Spells: 6/6 levels left

rFire   . .          .
                       - Unarmed
rCold   . . .        (no shield)
rNeg    . . .        (helmet currently unavailable)
rPois   +            k - amulet of regeneration
rElec   .            i - +4 ring of slaying
rCorr   .            j - ring of poison resistance
SInv    .            o - ring of willpower
Will    +....        (no ring)
Stlth   ++           (no ring)
HPRegen 1.07/turn    (no ring)
MPRegen 0.10/turn    (no ring)
                     (no ring)

%: no passive effects
@: beast-form
A: beast (slay +3), almost no armour, amphibious, 8 rings, camouflage 1,
gelatinous body 1, (nimble swimmer 1), tentacles
a: Begin Untransformation


You were on level 5 of the Dungeon.
You were a hulking beast.
You visited 1 branch of the dungeon, and saw 5 of its levels.

You collected 241 gold pieces.

Inventory:

Jewellery
 i - a +4 ring of slaying (left tentacle)
 j - a ring of poison resistance (right tentacle)
 k - an amulet of regeneration (around mantle)
 o - a ring of willpower (on tentacle)
Talismans
 b - a beast talisman (active)
Wands
 m - a wand of iceblast (8)
Scrolls
 d - a scroll of identify {unknown}
 e - a scroll of vulnerability {unknown}
 h - 2 scrolls of revelation {unknown}
 q - 4 scrolls of fear {unknown}
 r - a scroll of teleportation {unknown}
 s - a scroll of butterflies {unknown}
Potions
 a - a potion of magic {unknown}
 c - a potion of might {unknown}
 f - a potion of curing {unknown}
 g - a potion of heal wounds {unknown}
 l - a potion of resistance {unknown}
 n - a potion of berserk rage {unknown}
 p - a potion of mutation {unknown}
 t - a potion of invisibility {unknown}


   Skills:
 + Level 3.7 Fighting
 - Level 2.0 Dodging
 + Level 4.8 Unarmed Combat
 * Level 5.3 Shapeshifting


You had 6 spell levels left.
You didn't know any spells.
Your spell library contained the following spells:

 Spells                   Type           Power      Damage    Failure   Level
 Slow                     Hex            0%         N/A       36%         1
 Ensorcelled Hibernation  Hex/Ice        0%         N/A       50%         2
 Passwall                 Tmut/Erth      0%         N/A       50%         2
 Confusing Touch          Hex            0%         N/A       75%         3
 Swiftness                Air            0%         N/A       75%         3
 Vampiric Draining        Necr           0%         2d6       75%         3


Dungeon Overview and Level Annotations

Branches:
Dungeon (5/15)
 Temple: D:4-7

Altars:
Nemelex Xobeh

Shops:
D:1 [   D:3 =

Annotations:
D:5 Pikel


Innate Abilities, Weirdness & Mutations

You are a hulking beast.
Your limbs bulge with bestial killing power. (Slay +3)
You cannot wear most types of armour.
You are amphibious.
You can wear up to eight rings at the same time.
Your skin changes colour to match your surroundings (Stealth+).
Your rubbery body absorbs attacks. (AC +1, EV +1)
((You are camouflaged when in or above water. (Stealth+)))
You have tentacles for arms and can constrict up to eight enemies at once.


Message History

A lemure comes into view.
You barely miss the lemure.
The lemure shouts!
Your grab misses the lemure. You bludgeon the lemure! You grab the lemure.
You squeeze the lemure!
The lemure is almost dead.
You constrict the lemure. The lemure misses you. The lemure closely misses you.
You tentacle-slap the lemure. You squeeze the lemure.
You kill the lemure!
That felt strangely unrewarding.
The lemure misses you.
You closely miss the lemure. Your grab misses the lemure.
You squeeze the lemure!
The lemure is moderately wounded.
The lemure hits you.
You completely miss the lemure. You grab the lemure.
The lemure is moderately wounded.
You constrict the lemure, but do no damage.
The lemure hits you. x2
You bludgeon the lemure!
The lemure is almost dead.
You constrict the lemure. The lemure hits you. The lemure barely misses you.
You tentacle-slap the lemure.
You kill the lemure!
That felt strangely unrewarding.
The lemure hits you.
You bludgeon Pikel! You grab Pikel.
Pikel is lightly wounded.
You constrict Pikel. The lemure closely misses you.
Pikel hits you with a +1 whip of freezing!
Pikel freezes you.
* * * LOW HITPOINT WARNING * * *
You tentacle-slap Pikel.
Pikel is moderately wounded.
You constrict Pikel.
Pikel hits you with a +1 whip of freezing!
* * * LOW HITPOINT WARNING * * *
Pikel freezes you.
* * * LOW HITPOINT WARNING * * *
You release your grip on Pikel.
The lemure attacks as you move away! The lemure hits you!
You die...

####### #.....#
#.....# #.....#
###.....#
########.......####
#.....5h.#........#
..#...K5..........#
#..######........#
... #####....# .
####....#
#####.......#
............#
#####..#....###
#..##......##


You could see Pikel and 2 lemures.

Vanquished Creatures
  A black bear (D:2)
  A phantom (D:2)
  2 lemures (D:5)
  A hound (D:4)
  4 iguanas (D:4)
  Natasha (twice) (D:2)
  An orc wizard (D:4)
  3 gnolls (D:2)
  6 adders
  3 worms
  3 dart slugs
  10 orcs
  10 endoplasms
  4 giant cockroaches
  6 goblins
  5 hobgoblins
  10 jackals
  2 quokkas
  4 ball pythons
  4 bats
  3 frilled lizards
  7 kobolds
  2 rats
94 creatures vanquished.

Notes
Turn   | Place    | Note
-------+----------+-------------------------------------------
     0 | D:1      | Ethylacetat the Octopode Shapeshifter began the quest for
                  | the Orb.
     0 | D:1      | Reached XP level 1. HP: 13/13 MP: 1/1
    71 | D:1      | Reached XP level 2. HP: 7/18 MP: 2/2
   145 | D:1      | Found Toqi's Armour Boutique.
   399 | D:1      | Reached XP level 3. HP: 23/23 MP: 3/3
   799 | D:2      | Noticed a black bear
   803 | D:2      | Noticed a phantom
   807 | D:2      | Killed a black bear
   808 | D:2      | Reached skill level 4 in Shapeshifting
   808 | D:2      | Reached XP level 4. HP: 30/30 MP: 4/4
   808 | D:2      | Reached XP level 5. HP: 35/35 MP: 5/5
   812 | D:2      | Killed a phantom
   868 | D:2      | Noticed Natasha
   879 | D:2      | Killed Natasha
   880 | D:2      | Reached XP level 6. HP: 24/41 MP: 6/6
  1061 | D:2      | Noticed an eye of devastation
  1064 | D:2      | Found a faded altar of an unknown god.
  1068 | D:2      | Noticed a golden eye
  1068 | D:2      | Noticed an eye of devastation
  1068 | D:2      | Noticed a shining eye
  1304 | D:2      | Noticed Natasha
  1309 | D:2      | Killed Natasha
  1838 | D:3      | Found Ofanun's Jewellery Emporium.
  2138 | D:3      | Found a sparkling altar of Nemelex Xobeh.
  2419 | D:4      | Reached skill level 5 in Shapeshifting
  2498 | D:4      | Reached XP level 7. HP: 46/46 MP: 7/7
  2863 | D:5      | Entered Level 5 of the Dungeon
  2886 | D:5      | Noticed Pikel
  2897 | D:5      | Slain by a lemure

Illustrated notes

Levels and vault maps discovered:
D:1:      lightli_arrival_statuegarden, layout_loops_ring, serial_shops, shop,
          minmay_misc_feat_cross
D:2:      layout_basic, hellmonk_ecumenical_altar_watching_god, uniq_natasha
D:3:      layout_basic, nemelex_spade_bored_becter, serial_shops, shop
D:4:      kennysheep_spiral_hall, layout_rooms
D:5:      dreamdust_elfheim, layout_rooms, st_stairs_12,
          nicolae_underground_beach, uniq_pikel, uniq_ijyb

Skill      XL: |  1  2  3  4  5  6 |
---------------+-------------------+-----
Fighting       | 2 3 |  3.7
Shapeshifting  | 4 5 |  5.3
Unarmed Combat | 4 |  4.8
Dodging        | |  2.0

Action                     |  1- 3 |  4- 6 |  7- 9 || total
---------------------------+-------+-------+-------++-------
  Melee: Unarmed           |    48 |    84 |    39 ||   171
         Constrict         |    12 |    21 |    13 ||    46
         Tentacles         |     8 |    19 |    14 ||    41
         Punch             |     1 |     2 |       ||     3
    Use: Potion            |     1 |       |       ||     1
   Stab: Sleeping          |     9 |     8 |       ||    17
         Distracted        |     1 |     1 |       ||     2
 Armour: Skin              |    13 |    23 |       ||    36
  Dodge: Dodged            |    27 |    40 |    17 ||    84

Table legend: (Time is in decaauts)
 A = Elapsed time spent in this place.
 B = Non-inter-level travel time spent in this place.
 C = Inter-level travel time spent in this place.
 D = Time resting spent in this place.
 E = Time spent auto-exploring this place.
 F = Levels seen in this place.
 G = Mean time per level.
                   A        B        C        D        E       F      G
               +--------+--------+--------+--------+--------+-----+--------+
         Total |   2881 |   2800 |     81 |    228 |   2056 |   5 |  576.2 |
       Dungeon |   2881 |   2800 |     81 |    228 |   2056 |   5 |  576.2 |
               +--------+--------+--------+--------+--------+-----+--------+

Top non-repeatable levels by time:
     D:2: 948 daAuts
     D:1: 792 daAuts
     D:3: 607 daAuts
     D:4: 500 daAuts
     D:5: 32 daAuts
